 Dungeon Crawl Stone Soup version 0.23-a0-516-g0f8c245 (webtiles) character file.

79 Leeroy the Charmwright (level 4, 0/38 HPs)
             Began as a Gnoll Skald on Dec 5, 2018.
             Was a Believer of Cheibriados.
             Slain by Sigmund
             ... wielding a +0 scythe
              (4 damage)
             ... on level 2 of the Dungeon.
             The game lasted 00:05:49 (1902 turns).

Leeroy the Charmwright (Gnoll Skald)                Turns: 1902, Time: 00:05:49

Health: 0/38       AC:  7    Str: 18    XL:     4   Next: 37%
Magic:  6/11       EV: 14    Int: 19    God:    Cheibriados [**....]
Gold:   81         SH:  0    Dex: 19    Spells: 2/13 levels left

rFire    . . .     SeeInvis .   a - +0 falchion
rCold    . . .     Gourm    .   (no shield)
rNeg     . . .     Faith    .   j - +0 ring mail
rPois    .         Spirit   .   c - +0 helmet
rElec    .         Reflect  .   t - +0 cloak
rCorr    .         Harm     .   (no gloves)
MR       .....                  (no boots)
Stlth    ..........             (no amulet)
HPRegen  1.12/turn              (no ring)
MPRegen  0.12/turn              (no ring)

@: confused, very slightly contaminated, regenerating (expiring), very slow
A: distributed training, fangs 1, strong nose
a: Bend Time, Renounce Religion


You were on level 2 of the Dungeon.
You worshipped Cheibriados.
Cheibriados was pleased with you.
You were not hungry.

You visited 1 branch of the dungeon, and saw 2 of its levels.

You collected 81 gold pieces.

Inventory:

Hand Weapons
 a - a +0 falchion (weapon)
 h - a +0 short sword
 m - a +0 dagger
 p - a +0 dagger
 x - a +0 glaive
 y - a +0 hunting sling
 z - a +0 short sword
Missiles
 g - 97 stones (quivered)
 n - 2 throwing nets
 o - 8 curare-tipped needles
Armour
 b - a +0 leather armour
 c - a +0 helmet (worn)
 j - a +0 ring mail (worn)
 r - a +0 leather armour
 t - a +0 cloak (worn)
 v - a +0 chain mail
 A - a +0 robe
Jewellery
 q - a +1 ring of evasion {unknown}
 u - an uncursed ring of protection from fire {unknown}
Scrolls
 f - a scroll of amnesia
 s - a scroll of fog
 w - 3 scrolls of identify {unknown}
Potions
 e - a potion of mutation {unknown}
 i - a potion of curing {unknown}
 l - a potion of flight {unknown}
Comestibles
 d - 5 rations
 k - 5 chunks of flesh


   Skills:
 + Level 4.6 Fighting
 + Level 1.1 Short Blades
 + Level 4.6 Long Blades
 + Level 1.1 Axes
 + Level 1.1 Maces & Flails
 + Level 1.1 Polearms
 + Level 1.1 Staves
 + Level 1.1 Slings
 + Level 1.1 Bows
 + Level 1.1 Crossbows
 + Level 1.1 Throwing
 + Level 2.7 Armour
 + Level 4.6 Dodging
 + Level 1.1 Stealth
 + Level 1.1 Shields
 + Level 1.1 Unarmed Combat
 + Level 5.0 Spellcasting
 + Level 0.8 Conjurations
 + Level 0.8 Hexes
 + Level 5.4 Charms
 + Level 0.8 Summonings
 + Level 0.8 Necromancy
 + Level 0.8 Translocations
 + Level 0.8 Transmutations
 + Level 0.8 Fire Magic
 + Level 0.8 Ice Magic
 + Level 0.8 Air Magic
 + Level 0.8 Earth Magic
 + Level 0.8 Poison Magic
 + Level 1.2 Invocations
 + Level 1.1 Evocations


You had 2 spell levels left.
You knew the following spells:

 Your Spells              Type           Power        Failure   Level  Hunger
a - Infusion              Chrm           ####         2%          1    None
b - Song of Slaying       Chrm           ####....     3%          2    #......
c - Shroud of Golubria    Chrm/Tloc      ###.......   9%          2    #......
d - Regeneration          Chrm/Necr      ###.......   17%         3    ##.....
e - Spectral Weapon       Hex/Chrm       ###.....     17%         3    ##.....

Your spell library contained the following spells:

 Spells                   Type           Power        Failure   Level  Hunger


Dungeon Overview and Level Annotations

Branches:
Dungeon (2/15)

Altars:
Cheibriados

Annotations:
D:2 Sigmund


Innate Abilities, Weirdness & Mutations

Your experience applies equally to all skills.
You have very sharp teeth.
Your uncanny sense of smell can sniff out nearby items.


Message History

Confirm with . or Enter, or press ? or * to list all spells.
You miscast Regeneration.
You are very lightly contaminated with residual magic.
Waves of light ripple over your body. Something hits you.
Casting: Regeneration (safe; 17% risk of failure)
Confirm with . or Enter, or press ? or * to list all spells.
Your skin crawls.
You hear some strange, mumbled words.
You are confused.
You bump into the rock wall.
Something hits you!
* * * LOW HITPOINT WARNING * * *
You bump into the rock wall.
You bump into the rock wall.
Something hits you.
* * * LOW HITPOINT WARNING * * *
You're too confused to move!
Something hits you!
* * * LOW HITPOINT WARNING * * *
You bump into the rock wall.
Your skin is crawling a little less now.
Something hits you.
You die...

##### # #...#### ##
#...#..# .# #...#..## ##
.###...#...## ...
..##...#.#..# ....
#.####.#.##.# .....
#.####.#.##.#######......
................@.†....<.
#####....##.#######......
#.#..##.# ..... #...÷##.#
.... ##.÷.##.# ...
#...##.### ## #...##...#
# ##...###.#
########...##.##


There were no monsters in sight!

Vanquished Creatures
  2 adders (D:2)
  An ooze (D:1)
  2 leopard geckos
  8 bats
  10 goblins
  4 hobgoblins
  7 jackals (D:2)
  2 quokkas
  2 ball pythons
  4 frilled lizards
  4 kobolds
  5 rats
51 creatures vanquished.

Notes
Turn   | Place    | Note
-------+----------+-------------------------------------------
     0 | D:1      | Leeroy the Gnoll Skald began the quest for the Orb.
     0 | D:1      | Reached XP level 1. HP: 20/20 MP: 6/6
    42 | D:1      | Reached XP level 2. HP: 24/26 MP: 7/7
   957 | D:1      | Learned a level 2 spell: Song of Slaying
   961 | D:1      | Learned a level 2 spell: Shroud of Golubria
  1132 | D:2      | Reached XP level 3. HP: 19/31 MP: 9/9
  1151 | D:1      | Reached skill level 5 in Spellcasting
  1408 | D:1      | Learned a level 3 spell: Regeneration
  1412 | D:1      | Learned a level 3 spell: Spectral Weapon
  1497 | D:2      | Found a faded altar of an unknown god.
  1507 | D:2      | Became a worshipper of Cheibriados the Contemplative
  1507 | D:2      | Reached * piety under Cheibriados
  1530 | D:2      | Reached skill level 1 in Invocations
  1534 | D:2      | Reached skill level 1 in Short Blades
  1534 | D:2      | Reached skill level 1 in Axes
  1534 | D:2      | Reached skill level 1 in Maces & Flails
  1534 | D:2      | Reached skill level 1 in Polearms
  1534 | D:2      | Reached skill level 1 in Staves
  1534 | D:2      | Reached skill level 1 in Slings
  1534 | D:2      | Reached skill level 1 in Bows
  1534 | D:2      | Reached skill level 1 in Crossbows
  1534 | D:2      | Reached skill level 1 in Throwing
  1534 | D:2      | Reached skill level 1 in Stealth
  1534 | D:2      | Reached skill level 1 in Shields
  1534 | D:2      | Reached skill level 1 in Unarmed Combat
  1534 | D:2      | Reached skill level 1 in Evocations
  1572 | D:2      | Reached XP level 4. HP: 29/38 MP: 11/11
  1771 | D:2      | Reached ** piety under Cheibriados
  1876 | D:2      | Noticed Sigmund
  1900 | D:2      | HP: 1/38 [something (10)]
  1902 | D:2      | Slain by Sigmund

Vault maps used:
D:1:      onia_arrival_pyramid
D:2:      chequers_ecumenical_altar_simple_redux, uniq_sigmund

Skill      XL: |  1  2  3 |
---------------+----------+-----
Spellcasting   | 5 |  5.0
Invocations    | 1 |  1.2
Short Blades   | 1 |  1.1
Axes           | 1 |  1.1
Maces & Flails | 1 |  1.1
Polearms       | 1 |  1.1
Staves         | 1 |  1.1
Slings         | 1 |  1.1
Bows           | 1 |  1.1
Crossbows      | 1 |  1.1
Throwing       | 1 |  1.1
Stealth        | 1 |  1.1
Shields        | 1 |  1.1
Unarmed Combat | 1 |  1.1
Evocations     | 1 |  1.1
Fighting       | |  4.6
Long Blades    | |  4.6
Armour         | |  2.7
Dodging        | |  4.6
Conjurations   | |  0.8
Hexes          | |  0.8
Charms         | |  5.4
Summonings     | |  0.8
Necromancy     | |  0.8
Translocations | |  0.8
Transmutations | |  0.8
Fire Magic     | |  0.8
Ice Magic      | |  0.8
Air Magic      | |  0.8
Earth Magic    | |  0.8
Poison Magic   | |  0.8

Action                   |  1- 3 |  4- 6 || total
-------------------------+-------+-------++-------
Melee: Falchion          |    87 |    36 ||   123
       Bite              |    11 |     2 ||    13
Throw: Stone             |       |     1 ||     1
 Cast: Regeneration      |       |     1 ||     1
       Infusion          |       |     1 ||     1
  Use: Scroll            |     4 |       ||     4
 Stab: Sleeping          |     1 |       ||     1
  Eat: Chunk             |     2 |     1 ||     3
Armor: Leather armour    |     2 |       ||     2
       Ring mail         |    45 |    25 ||    70
Dodge: Dodged            |    91 |    48 ||   139
       Rpst.: Falchion   |    35 |    13 ||    48

Table legend:
 A = Non-vault XP
 B = Vault XP
 C = Vault XP percentage of total XP
 D = Non-vault monster count
 E = Vault monster count
 F = Vault count percentage of total count
                 A         B        C        D         E       F
            +---------+---------+-------+---------+---------+-------
      Total |     113 |       0 |   0.0 |      51 |       0 |   0.0
            +---------+---------+-------+---------+---------+-------
        D:1 |      34 |       0 |   0.0 |      18 |       0 |   0.0
        D:2 |      79 |       0 |   0.0 |      33 |       0 |   0.0
            +---------+---------+-------+---------+---------+-------
